 Dungeon Sprint DCSS version 0.27-a0-92-g39ad13b146 (webtiles) character file.

Game seed: 8419284613501246302

21812 mhtbhm the Sorcerer (level 12, -2/60 HPs)
             Began as a Deep Elf Earth Elementalist on Jan 15, 2021.
             Was the Champion of Vehumet.
             Slain by a titan zombie (36 damage)
             ... in the Dungeon (Sprint III: "The Ten Rune Challenge") on Jan 16, 2021.
             The game lasted 00:12:47 (2888 turns).

mhtbhm the Sorcerer (Deep Elf Earth Elementalist)   Turns: 2888, Time: 00:12:48

Health: -2/60      AC:  4    Str:  5    XL:     12   Next: 57%
Magic:  34/44      EV: 17    Int: 30    God:    Vehumet [******]
Gold:   221        SH:  0    Dex: 17    Spells: 26/63 levels left

rFire    + . .     SeeInvis +   a - staff of fire
rCold    + . .     Faith    .   (no shield)
rNeg     . . .     Spirit   .   c - +2 robe {Archmagi}
rPois    .         Reflect  .   (no helmet)
rElec    +         Harm     .   (no cloak)
rCorr    .         Rampage  .   (no gloves)
Will     +....     NoTele   +   (no boots)
Stlth    +++.......             r - amulet of Dogma {rC+ Regen+ Int+4 Dex+2 SInv}
HPRegen  0.60/turn              u - ring of Washruw {Wiz rElec}
MPRegen  0.29/turn              (no ring)

@: no status effects
A: hooves 1, evolution 1, sturdy frame 1
a: Renounce Religion


You were in the Dungeon.
You worshipped Vehumet.
Vehumet was exalted by your worship.
You visited 1 branch You collected 1092 gold pieces.
You spent 871 gold pieces at shops.

Inventory:

Hand Weapons
 n - a +1 dagger of draining
Missiles
 b - 15 stones
 t - 7 curare-tipped darts
Armour
 c - a +2 robe of the Archmagi (worn)
Magical Staves
 a - an uncursed staff of fire (weapon)
Jewellery
 r - the amulet of Dogma (around neck) {rC+ Regen+ Int+4 Dex+2 SInv}
   (You took it off a deep elf high priest in the Dungeon)

   [amulet of regeneration]

   It affects your intelligence (+4).
   It affects your dexterity (+2).
   It protects you from cold.
   It lets you see invisible.
   It increases your rate of regeneration.
 u - the ring of Washruw (left hand) {Wiz rElec}
   (You found it in the Dungeon)

   [ring of wizardry]

   It improves your spell success rate.
   It insulates you from electricity.
Wands
 s - a wand of acid (8)
Scrolls
 g - 2 scrolls of silence {unknown}
 i - a scroll of blinking
 j - 3 scrolls of identify
 k - 2 scrolls of remove curse {unknown}
 q - 5 scrolls of amnesia {unknown}
 w - 2 scrolls of torment {unknown}
Potions
 d - a potion of curing
 e - a potion of heal wounds
 f - a potion of haste
 h - 2 potions of berserk rage
 l - a potion of flight
 m - 3 potions of mutation
 o - a potion of might
Miscellaneous
 p - a box of beasts
 v - a condenser vane


   Skills:
 + Level 1.0 Fighting
 + Level 6.7 Dodging
 - Level 5.0 Stealth
 + Level 26.1 Spellcasting
 + Level 3.2 Conjurations
 + Level 3.8 Transmutations
 + Level 1.6 Fire Magic
 + Level 22.2 Earth Magic
 + Level 0.4 Evocations


You had 26 spell levels left.
You knew the following spells:

 Your Spells              Type           Power        Failure   Level
a - Sandblast             Erth           100%         0%          1
b - Passwall              Tmut/Erth      90%          0%          2
c - Stone Arrow           Conj/Erth      100%         0%          3
d - Lee's Rapid Deconstr  Erth           65%          0%          5
e - Petrify               Tmut/Erth      100%         1%          4
f - Iron Shot             Conj/Erth      53%          1%          6
g - Fireball              Conj/Fire      44%          1%          5
h - Bolt of Magma         Conj/Fire/Erth 59%          1%          5
i - Statue Form           Tmut/Erth      72%          1%          6

Your spell library contained the following spells:

 Spells                   Type           Power        Failure   Level
 Animate Skeleton         Necr           100%         1%          1
 Apportation              Tloc           100%         1%          1
 Corona                   Hex            62%          1%          1
 Foxfire                  Conj/Fire      100%         1%          1
 Summon Small Mammal      Summ           100%         1%          1
 Corpse Rot               Necr/Air       N/A          1%          2
 Sublimation of Blood     Necr           28%          1%          2
 Ignite Poison            Fire/Tmut/Pois 85%          1%          3
 Borgnjor's Vile Clutch   Necr/Erth      51%          1%          5
 Irradiate                Conj/Tmut      37%          1%          5
 Alistair's Intoxication  Tmut/Pois      44%          3%          5
 Eringya's Noxious Bog    Tmut/Pois      33%          5%          6
 Summon Forest            Summ/Tloc      28%          8%          5
 Hydra Form               Tmut           38%          9%          6
 Spellforged Servitor     Conj/Summ      32%          28%         7
 Summon Hydra             Summ           28%          89%         7


Dungeon Overview and Level Annotations

Branches:
Dungeon (1/1)

Altars:
Cheibriados
Dithmenos
Elyvilon
Fedhas
Gozag
Hepliaklqana
Kikubaaqudgha
Makhleb
Nemelex Xobeh
Okawaru
Qazlal
Ru
Sif Muna
Trog
Uskayaw
Vehumet
Wu Jian
Xom
Yredelemnul
Zin
The Shining One
Beogh
Jiyva
Lugonu

Shops:
D ([=*(:?}:![:


Innate Abilities, Weirdness & Mutations

You have large cloven feet.
You evolve.
Your movements are slightly less encumbered by armour. (ER -2)


Message History

The titan zombie is lightly damaged.
The titan zombie hits you!
Unknown command.
Casting: Lee's Rapid Deconstruction (safe; 0% risk of failure)
Confirm with . or Enter, or press ? or * to list all spells.
Aiming: Lee's Rapid Deconstruction (safe; 0% risk of failure)
Press: ? - help, Dir - move target A metal wall.
You feel a surge of power!
The metal wall shatters!
The blast of metal fragments hits the titan zombie!!!!
The titan zombie is severely damaged.
The titan zombie hits you!!
Ouch! That really hurt!
* * * LOW HITPOINT WARNING * * *
Unknown command.
Unknown command.
Okay, then.
You feel much better. The titan zombie hits you!!!
Ouch! That really hurt!
You die...

#########§#.....
#.#.#§#.#.......
#...§.§.........
#....§..........
###'############
##...##
##.....##
#+###.......#
+..Z@.......+
#'###.......#
#≈≈≈##.....##
#'#+###...## #.#
##+## #+#


You could see a titan zombie.

Vanquished Creatures
  Sigmund (D)
  A deep elf blademaster (D)
  3 deep elf demonologists (D)
  A deep elf death mage (D)
  A deep elf high priest (D)
  Erica (D)
  A centaur warrior (D)
  An unseen horror (D)
  An orc knight (D)
  7 deep elf magi (D)
  4 crystal guardians (D)
  4 statues (D)
  Edmund (D)
  A queen bee (D)
  3 wandering mushrooms (D)
  2 orc high priests (D)
  A shadow (D)
  A spatial vortex (D)
  4 orc warriors (D)
  A necrophage (D)
  2 centaurs (D)
  An earth elemental (D)
  A water elemental (D)
  A scorpion (D)
  32 killer bees (D)
  A jelly (D)
  5 orc priests (D)
  2 orc wizards (D)
  Jessica (D)
  A wizard (D)
  A necromancer (D)
  A kobold demonologist (D)
  3 humans (D)
  2 oozes (D)
  7 orcs (D)
  A bat (D)
102 creatures vanquished.

Vanquished Creatures (others)
  10 plants (D)
10 creatures vanquished.

Grand Total: 112 creatures vanquished

Notes
Turn   | Place    | Note
-------+----------+-------------------------------------------
     0 | D        | mhtbhm the Deep Elf Earth Elementalist began the quest for
                  | the Orb.
     0 | D        | Reached XP level 1. HP: 10/10 MP: 6/6
     7 | D        | Reached XP level 2. HP: 15/15 MP: 4/8
    69 | D        | Learned a level 2 spell: Passwall
    93 | D        | Gained mutation: Scrolls take you a little longer to read.
                  | [potion of mutation]
    93 | D        | Gained mutation: You are robust. (+10% HP) [potion of
                  | mutation]
    93 | D        | Gained mutation: You are agile. (Dex +2) [potion of
                  | mutation]
    93 | D        | Gained mutation: You are very agile. (Dex +4) [potion of
                  | mutation]
    94 | D        | Lost mutation: Scrolls take you a little longer to read.
                  | [potion of mutation]
    94 | D        | Lost mutation: You are robust. (+10% HP) [potion of
                  | mutation]
    94 | D        | Lost mutation: You are very agile. (Dex +4) [potion of
                  | mutation]
    94 | D        | Lost mutation: You are agile. (Dex +2) [potion of mutation]
    94 | D        | Gained mutation: You have large cloven feet. [potion of
                  | mutation]
    94 | D        | Gained mutation: Your movements are slightly less
                  | encumbered by armour. (ER -2) [potion of mutation]
    94 | D        | Gained mutation: You have hoof-like feet. [potion of
                  | mutation]
    94 | D        | Gained mutation: You evolve. [potion of mutation]
    95 | D        | Noticed a scorpion
    98 | D        | Killed a scorpion
    99 | D        | Reached skill level 5 in Spellcasting
    99 | D        | Reached XP level 3. HP: 19/19 MP: 6/11
   146 | D        | Learned a level 3 spell: Stone Arrow
   161 | D        | Noticed Jessica
   162 | D        | Killed Jessica
   163 | D        | Reached XP level 4. HP: 24/24 MP: 10/13
   200 | D        | Reached skill level 6 in Spellcasting
   242 | D        | Noticed a water elemental
   246 | D        | Killed a water elemental
   247 | D        | Reached skill level 5 in Stealth
   247 | D        | Reached skill level 7 in Spellcasting
   247 | D        | Reached XP level 5. HP: 23/28 MP: 11/17
   290 | D        | Learned a level 5 spell: Lee's Rapid Deconstruction
   295 | D        | Learned a level 4 spell: Petrify
   298 | D        | Found a radiant altar of Vehumet.
   298 | D        | Found a shimmering blue altar of Sif Muna.
   298 | D        | Found an ancient bone altar of Kikubaaqudgha.
   301 | D        | Reached skill level 5 in Dodging
   301 | D        | Reached skill level 8 in Spellcasting
   312 | D        | Became a worshipper of Vehumet
   378 | D        | Found a glowing silver altar of Zin.
   378 | D        | Found a glowing golden altar of the Shining One.
   378 | D        | Found a white marble altar of Elyvilon.
   378 | D        | Noticed a deep elf mage
   381 | D        | Killed a deep elf mage
   382 | D        | Reached skill level 12 in Spellcasting
   382 | D        | Reached XP level 6. HP: 32/32 MP: 3/23
   382 | D        | Reached XP level 7. HP: 36/36 MP: 3/25
   496 | D        | Found a hide-covered altar of Uskayaw.
   496 | D        | Found a roughly hewn altar of Beogh.
   496 | D        | Found an iron altar of Okawaru.
   496 | D        | Found a bloodstained altar of Trog.
   496 | D        | Found an ornate altar of the Wu Jian Council.
   496 | D        | Noticed a human
   496 | D        | Noticed a human
   498 | D        | Killed a human
   499 | D        | Reached skill level 13 in Spellcasting
   500 | D        | Killed a human
   500 | D        | Reached * piety under Vehumet
   500 | D        | Offered knowledge of Foxfire by Vehumet.
   501 | D        | Reached skill level 14 in Spellcasting
   627 | D        | Found a basalt altar of Yredelemnul.
   627 | D        | Found a shadowy altar of Dithmenos.
   627 | D        | Found a sacrificial altar of Ru.
   630 | D        | Reached XP level 8. HP: 41/41 MP: 17/28
   683 | D        | Offered knowledge of Shock by Vehumet.
   683 | D        | Reached ** piety under Vehumet
   687 | D        | Reached skill level 15 in Spellcasting
   761 | D        | Found a blossoming altar of Fedhas.
   761 | D        | Found a stormy altar of Qazlal.
   761 | D        | Found a snail-covered altar of Cheibriados.
   761 | D        | Found a burning altar of Makhleb.
   761 | D        | Found a shimmering altar of Xom.
   762 | D        | Found a hazy altar of Hepliaklqana.
   762 | D        | Found an opulent altar of Gozag.
   762 | D        | Found a sparkling altar of Nemelex Xobeh.
   762 | D        | Found a corrupted altar of Lugonu.
   762 | D        | Found a viscous altar of Jiyva.
   822 | D        | Noticed Erica
   825 | D        | Found Qad Mifa's Weapon Boutique.
   829 | D        | Killed Erica
   830 | D        | Reached skill level 16 in Spellcasting
   831 | D        | Reached *** piety under Vehumet
   832 | D        | Reached skill level 15 in Earth Magic
   832 | D        | Reached XP level 9. HP: 23/45 MP: 16/31
   839 | D        | Reached **** piety under Vehumet
   839 | D        | Noticed an orc knight
   875 | D        | Offered knowledge of Conjure Flame by Vehumet.
   878 | D        | Killed an orc knight
   879 | D        | Reached skill level 17 in Spellcasting
  1083 | D        | Offered knowledge of Hailstorm by Vehumet.
  1093 | D        | Reached ***** piety under Vehumet
  1305 | D        | Offered knowledge of Yara's Violent Unravelling by Vehumet.
  1345 | D        | Lost mutation: You have hoof-like feet. [evolution]
  1356 | D        | Noticed a deep elf mage
  1356 | D        | Noticed a deep elf mage
  1356 | D        | Noticed a deep elf mage
  1356 | D        | Noticed a deep elf mage
  1356 | D        | Noticed a deep elf mage
  1364 | D        | Killed a deep elf mage
  1365 | D        | Reached skill level 18 in Spellcasting
  1365 | D        | Killed a deep elf mage
  1369 | D        | Killed a deep elf mage
  1369 | D        | Reached ****** piety under Vehumet
  1370 | D        | Reached skill level 19 in Spellcasting
  1370 | D        | Reached XP level 10. HP: 51/51 MP: 20/35
  1372 | D        | Killed a deep elf mage
  1375 | D        | Killed a deep elf mage
  1520 | D        | Noticed a deep elf mage
  1520 | D        | Noticed a deep elf demonologist
  1523 | D        | Killed a deep elf demonologist
  1523 | D        | Offered knowledge of Iron Shot by Vehumet.
  1524 | D        | Reached skill level 20 in Spellcasting
  1526 | D        | Killed a deep elf mage
  1529 | D        | Noticed a deep elf blademaster
  1531 | D        | Noticed a deep elf death mage
  1533 | D        | Killed a deep elf death mage
  1534 | D        | Reached skill level 21 in Spellcasting
  1537 | D        | Identified the +2 plate armour of Resilience {rPois Regen+}
  1537 | D        | Identified the amulet of Dogma {rC+ Regen+ Int+4 Dex+2
                  | SInv}
  1537 | D        | Noticed a deep elf high priest
  1539 | D        | Killed a deep elf high priest
  1540 | D        | Reached XP level 11. HP: 44/55 MP: 8/38
  1655 | D        | Noticed a deep elf demonologist
  1657 | D        | Noticed a Tzitzimitl
  1657 | D        | Killed a deep elf demonologist
  1658 | D        | Noticed a deep elf demonologist
  1661 | D        | Killed a deep elf demonologist
  1662 | D        | Reached skill level 22 in Spellcasting
  1767 | D        | Killed a deep elf blademaster
  1768 | D        | Reached skill level 23 in Spellcasting
  1866 | D        | Got a crude iron ring
  1902 | D        | Identified the ring of Washruw {Wiz rElec} (You found it in
                  | the Dungeon)
  2085 | D        | Learned a level 6 spell: Iron Shot
  2086 | D        | Noticed a centaur warrior
  2090 | D        | Killed a centaur warrior
  2121 | D        | Noticed an unseen horror
  2122 | D        | Killed an unseen horror
  2122 | D        | Offered knowledge of Fireball by Vehumet.
  2140 | D        | Learned a level 5 spell: Fireball
  2151 | D        | Offered knowledge of Orb of Destruction by Vehumet.
  2160 | D        | Reached skill level 24 in Spellcasting
  2416 | D        | Noticed Sigmund
  2416 | D        | Noticed Edmund
  2421 | D        | Killed Sigmund
  2422 | D        | Reached skill level 1 in Fighting
  2422 | D        | Reached skill level 25 in Spellcasting
  2422 | D        | Reached XP level 12. HP: 54/60 MP: 24/43
  2426 | D        | Killed Edmund
  2426 | D        | Offered knowledge of Bolt of Magma by Vehumet.
  2543 | D        | Learned a level 5 spell: Bolt of Magma
  2678 | D        | Found Wiuzopn's Book Emporium.
  2678 | D        | Found Udighug's Gadget Shop.
  2678 | D        | Found Zugob's Assorted Antiques.
  2678 | D        | Found Bocw's Book Shoppe.
  2678 | D        | Found Fyaxkado's Antique Weapon Boutique.
  2678 | D        | Found Ofuenan's Magic Scroll Emporium.
  2678 | D        | Found Xikhagown's Jewellery Shoppe.
  2678 | D        | Found Obysiol's Antique Armour Shop.
  2678 | D        | Found Nuetwu Jijeo's Antique Armour Shop.
  2678 | D        | Found Vuat's Distillery.
  2678 | D        | Found Darchoapp's Book Boutique.
  2724 | D        | Bought the Grimoire of the Excruciating Rocks for 871 gold
                  | pieces
  2731 | D        | Learned a level 6 spell: Statue Form
  2750 | D        | Reached skill level 1 in Fire Magic
  2765 | D        | Reached skill level 26 in Spellcasting
  2888 | D        | Slain by a titan zombie

Illustrated notes

Levels and vault maps discovered:
D:        dungeon_sprint_mu [sprint_mu_entry_forest, sprint_mu_temple_rooms,
          sprint_mu_d1_horrors, sprint_mu_d2_genie, sprint_mu_d3_branching,
          sprint_mu_orc_legion, sprint_mu_elf_gauntlet, sprint_mu_hive_nellie,
          sprint_mu_lair_fedhas, sprint_mu_vaults_butterflies,
          sprint_mu_slime_circle, sprint_mu_swamp_cave, sprint_mu_snake_twists,
          sprint_mu_blade_basic, sprint_mu_crypt_lich, sprint_mu_tomb_spiral,
          sprint_mu_vestibule_basic, sprint_mu_gehenna_hellfire,
          sprint_mu_dis_giant, sprint_mu_tartarus_statrot,
          sprint_mu_cocytus_islands, sprint_mu_zot1]

Skill      XL: |  1  2  3  4  5  6  7  8  9 10 11 12 |
---------------+-------------------------------------+-----
Earth Magic    | 4 6 7 9 11 12 15 17 19 21 22 | 22.2
Stealth        | 3 4 5 |  5.0
Dodging        | 3 4 6 |  6.7
Spellcasting   | 5 7 12 14 16 19 21 25 26 | 26.1
Transmutations | 2 3 |  3.8
Fighting       | 1 |  1.0
Conjurations   | 2 3 |  3.2
Fire Magic     | 1 |  1.6
Evocations     | |  0.4

Action                   |  1- 3 |  4- 6 |  7- 9 | 10-12 || total
-------------------------+-------+-------+-------+-------++-------
Melee: Dagger            |       |       |     1 |       ||     1
 Cast: Sandblast         |     6 |     9 |       |       ||    15
       Passwall          |     1 |       |       |       ||     1
       Lee's Rapid Decon |       |     5 |    38 |    58 ||   101
       Stone Arrow       |       |       |     1 |    10 ||    11
       Petrify           |       |       |     3 |     3 ||     6
       Bolt of Magma     |       |       |       |     3 ||     3
       Statue Form       |       |       |       |     1 ||     1
Evoke: Condenser vane    |       |       |       |     1 ||     1
  Use: Potion            |     2 |       |     2 |     3 ||     7
Armor: Robe              |       |       |       |     2 ||     2
Dodge: Dodged            |       |     3 |     4 |    12 ||    19

Table legend: (Time is in decaauts)
 A = Elapsed time spent in this place.
 B = Non-inter-level travel time spent in this place.
 C = Inter-level travel time spent in this place.
 D = Time resting spent in this place.
 E = Time spent auto-exploring this place.
 F = Levels seen in this place.
 G = Mean time per level.
                   A        B        C        D        E       F      G
               +--------+--------+--------+--------+--------+-----+--------+
         Total |   2922 |   2922 |      0 |   1942 |      1 |   1 | 2922.0 |
       Dungeon |   2922 |   2922 |      0 |   1942 |      1 |   1 | 2922.0 |
               +--------+--------+--------+--------+--------+-----+--------+

Top non-repeatable levels by time:
       D: 2922 daAuts
